Unix NetHack Version 3.7.0-89 Work-in-progress - last build Sep 25 2023 05:26:45 (48e034876007844a536bf88644040a71d2893410,branch:master). Game began 2023-10-09 19:33:24, ended 2023-10-09 19:39:42. youngster, lawful female human Knight ... .... ..@.. ...G. ..... Youngster the Gallant St:14 Dx:8 Co:12 In:8 Wi:16 Ch:17 Lawful Dlvl:4 $:11 HP:0(16) Pw:3(3) AC:3 Xp:1/0 T:380 Latest messages: n - a leash. Road Warrior misses the grid bug. Road Warrior bites the grid bug. The grid bug is killed! In what direction? As you kick the door, it crashes open! It hits the newt. The newt is killed! You see here a newt corpse. There is a newt corpse here; eat it? [ynq] (n) This newt corpse tastes okay. You finish eating the newt corpse. You descend the stairs. You climb up the stairs. $ - 4 gold pieces (11 in total). You swap places with Road Warrior. You descend the stairs. Road Warrior misses the gnome. Road Warrior misses the gnome. Road Warrior misses the gnome. Road Warrior bites the gnome. Road Warrior misses the gnome. Road Warrior bites the gnome. The gnome hits Road Warrior. Road Warrior hits the gnome. Road Warrior bites the gnome. The gnome misses Road Warrior. The gnome lord wields a crossbow! Road Warrior misses the gnome. Road Warrior misses the gnome. Road Warrior misses the gnome. Road Warrior bites the gnome. The gnome misses Road Warrior. Road Warrior hits the gnome. The gnome is killed! You descend the stairs. You are hit by an arrow! You are hit by an arrow. You hear crashing rock. There is a staircase up to level 3 here. You see here an arrow. You climb up the stairs. The gnome lord shoots 2 crossbow bolts! You are hit by the 1st crossbow bolt. The crossbow bolt falls down the stairs. The 2nd crossbow bolt misses you. The crossbow bolt falls down the stairs. You descend the stairs. The gnome king hits! You die... Inventory: Coins ('$') $ - 11 gold pieces Weapons (')') a - a blessed +1 long sword (weapon in hand) b - an uncursed +1 lance (alternate weapon; not wielded) Armor ('[') d - an uncursed +0 helmet (being worn) f - an uncursed +0 pair of leather gloves (being worn) m - an uncursed +0 small shield (being worn) c - an uncursed +1 ring mail (being worn) Comestibles ('%') g - 12 uncursed apples h - 14 uncursed carrots Scrolls ('?') k - a cursed scroll of destroy armor j - an uncursed scroll of enchant armor Spellbooks ('+') i - an uncursed spellbook of knock Tools ('(') n - an uncursed leash e - an uncursed lock pick Gems/Stones ('*') l - a cursed amber stone Youngster the Knight's attributes: Background: You were a Gallant, a level 1 female human Knight. You were lawful, on a mission for Lugh who was opposed by Brigit (neutral) and Manannan Mac Lir (chaotic). You were in the Gnomish Mines, on level 4. You entered the dungeon 380 turns ago. You had 0 experience points, 20 were needed to attain level 2. Basics: You had 0 out of 16 hit points. You had all 3 energy points (spell power). Your armor class was 3. Your wallet contained 11 zorkmids. Autopickup was on for '$?!"=/*' plus thrown, with exceptions. Final Characteristics: Your strength was 14 (limit:18/100). Your dexterity was 8 (limit:18). Your constitution was 12 (limit:18). Your intelligence was 8 (limit:18). Your wisdom was 16 (limit:18). Your charisma was 17 (limit:18). Final Status: You were not hungry. You were unencumbered. You were wielding a long sword. You had basic skill with long sword. Final Attributes: You were fervently aligned. You could jump. You were warded. You are dead. Miscellaneous: You never encountered a bones level. Total elapsed playing time was 3 minutes and 33 seconds. Major events: Turn 1: youngster the lawful female human Knight entered the dungeon 356: entered the Gnomish Mines 380: killed by a gnome king Vanquished creatures: a gnome a sewer rat a grid bug a lichen 2 newts 6 creatures vanquished. No species were genocided or became extinct. Voluntary challenges: You were an atheist. You never hit with a wielded weapon. You were a pacifist. You were illiterate. You never engraved Elbereth. You never genocided any monsters. You never polymorphed an object. You never changed form. You used no wishes. Achievement: You entered the Gnomish Mines. The Dungeons of Doom: levels 1 to 2 Level 1: A fountain, a sink. Level 2: Stairs down to The Gnomish Mines. The Gnomish Mines: levels 3 to 4 Level 3: Level 4: <- You were here. Final resting place for you, killed by a gnome king. Game over: ---------- / \ / REST \ / IN \ / PEACE \ / \ | youngster | | 11 Au | | killed by a | | gnome king | | | | | | 2023 | *| * * * | * _________)/\\_//(\/(/\)/\//\/|_)_______ Fare thee well youngster the Knight... You died in The Gnomish Mines on dungeon level 4 with 160 points, and 11 pieces of gold, after 380 moves. You were level 1 with a maximum of 16 hit points when you died.